[Event "ICC tourney 2556 (25 5)"]
[Site "Internet Chess Club"]
[Date "2021.05.08"]
[Round "1"]
[White "VELAMURU, SREEKAR:K05-17024815"]
[Black "STEPHEN CAMERON, KYLE:K05-16158046"]
[Result "0-1"]
[ICCResult "White checkmated"]
[WhiteElo "423"]
[BlackElo "1144"]
[Opening "KP: Indian opening"]
[ECO "C20"]
[NIC "KP.10"]
[Time "11:32:08"]
[PlyCount "58"]
[TimeControl "1500+5"]

1. e4 e5 2. d3 Bc5 3. g3 Nf6 4. Bg2 d6 5. Ne2 Be6 6. O-O Qd7 7. Nbc3 Nc6 8.
Bd2 O-O-O 9. Nd5 h6 10. Nxf6 gxf6 11. Nc3 Bg4 12. Qc1 h5 13. h3 Bxh3 14.
Bxh3 Qxh3 15. Qe1 h4 16. Be3 hxg3 17. fxg3 Bxe3+ 18. Qxe3 Rhg8 19. Rf3 Nd4
20. Re1 Nxf3+ 21. Qxf3 Rxg3+ 22. Qxg3 Qxg3+ 23. Kf1 Rh8 24. Ke2 Rh2+ 25.
Kd1 Qf2 26. Ne2 Qb6 27. Nc3 Qxb2 28. Re2 Rh1+ 29. Kd2 Qc1# { White
checkmated } 0-1

[Event "ICC tourney 2556 (25 5)"]
[Site "Internet Chess Club"]
[Date "2021.05.08"]
[Round "1"]
[White "KONSTANTAKOS, CHRISTOS:K05-17130487"]
[Black "ANEJA, SHIVISH:K05-30036465"]
[Result "1-0"]
[ICCResult "Black checkmated"]
[WhiteElo "1447"]
[BlackElo "674"]
[Opening "Queen's pawn: Charlick (Englund) gambit"]
[ECO "A40"]
[NIC "QO.17"]
[Time "11:32:01"]
[PlyCount "39"]
[TimeControl "1500+5"]

1. d4 e5 2. dxe5 Bc5 3. Nf3 f6 4. e4 fxe5 5. Bc4 Nf6 6. Ng5 Rf8 7. Nc3 h6
8. Nf3 Ng4 9. O-O Nxf2 10. Rxf2 Bxf2+ 11. Kxf2 g5 12. Kg1 g4 13. Nxe5 d6
14. Ng6 Rf6 15. Nf4 Nc6 16. Nh5 Rf8 17. Bxh6 Rh8 18. Ng7+ Ke7 19. Bg5+ Kd7
20. Qxg4# { Black checkmated } 1-0

[Event "ICC tourney 2556 (25 5)"]
[Site "Internet Chess Club"]
[Date "2021.05.08"]
[Round "1"]
[White "BAO, MAXIMILIAN:K05-16427073"]
[Black "YANG, DANIEL:K05-16464806"]
[Result "0-1"]
[ICCResult "White checkmated"]
[WhiteElo "778"]
[BlackElo "1597"]
[Opening "Sicilian defense"]
[ECO "B30"]
[NIC "SI.31"]
[Time "11:31:13"]
[PlyCount "136"]
[TimeControl "1500+5"]

1. e4 c5 2. Nf3 Nc6 3. Bc4 e6 4. Nc3 Nf6 5. O-O d5 6. exd5 exd5 7. Re1+ Be7
8. Bb3 O-O 9. d3 Bg4 10. h3 Bxf3 11. Qxf3 Nd4 12. Qg3 Bd6 13. Qe3 Nxb3 14.
cxb3 d4 15. Qf3 dxc3 16. bxc3 Qc7 17. g3 Rfe8 18. Bd2 Qd7 19. Be3 Qxh3 20.
Qg2 Qxg2+ 21. Kxg2 Nd5 22. Bd2 f6 23. c4 Nc7 24. Re3 Ne6 25. Ree1 Nd4 26.
Bc3 Rxe1 27. Rxe1 Kf7 28. Bxd4 cxd4 29. Re4 Bc5 30. b4 Bxb4 31. Rxd4 Re8
32. Rd7+ Re7 33. Rxe7+ Kxe7 34. Kf3 Kd6 35. Ke4 Bc3 36. d4 g6 37. f4 f5+
38. Kd3 Bb4 39. c5+ Bxc5 40. dxc5+ Kxc5 41. Kc3 a5 42. a4 b6 43. Kb3 Kd4
44. Kc2 Ke3 45. Kc3 Kf3 46. Kc4 Kxg3 47. Kb5 Kxf4 48. Kxb6 g5 49. Kxa5 g4
50. Kb5 g3 51. a5 g2 52. a6 g1=Q 53. a7 Qxa7 54. Kc4 Qb6 55. Kd5 Qc7 56.
Kd4 Qe5+ 57. Kd3 Qe3+ 58. Kc4 Ke4 59. Kb5 f4 60. Kc6 f3 61. Kd7 f2 62. Ke8
f1=Q 63. Kd7 Kf3 64. Kc6 Qfc1+ 65. Kd5 Qcd2+ 66. Kc4 Qec3+ 67. Kb5 Qdb2+
68. Ka4 Qca3# { White checkmated } 0-1

[Event "ICC tourney 2556 (25 5)"]
[Site "Internet Chess Club"]
[Date "2021.05.08"]
[Round "1"]
[White "GIORGIO TESSIORE, LUCA:K05-17347744"]
[Black "W ZHANG, ETHAN:K05-17088714"]
[Result "1-0"]
[ICCResult "Black checkmated"]
[WhiteElo "1914"]
[BlackElo "839"]
[Opening "QGD: Neo-orthodox variation, 7.Bh4"]
[ECO "D56"]
[NIC "QP.08"]
[Time "11:31:06"]
[PlyCount "107"]
[TimeControl "1500+5"]

1. d4 d5 2. c4 e6 3. Nf3 Nf6 4. Nc3 Be7 5. Bg5 O-O 6. e3 h6 7. Bh4 Bd7 8.
Bd3 b6 9. Bxf6 Bxf6 10. cxd5 exd5 11. Nxd5 Be6 12. Nxf6+ Qxf6 13. Be4 c6
14. Ne5 Bd5 15. Bxd5 cxd5 16. O-O Nc6 17. Nd7 Qe7 18. Nxf8 Qxf8 19. Rc1 Rc8
20. a3 Ne7 21. Rxc8 Qxc8 22. Qd2 Ng6 23. Rc1 Qf5 24. h3 Nh4 25. Qc2 Qg5 26.
Qc8+ Kh7 27. Qg4 Qf6 28. Qf4 Qxf4 29. exf4 Nf5 30. Rd1 Kg6 31. g4 Nd6 32.
b3 f5 33. a4 fxg4 34. hxg4 h5 35. f3 hxg4 36. fxg4 a5 37. Kf2 Ne4+ 38. Ke3
Kf6 39. Rc1 Ke7 40. Rc6 Kd7 41. Rxb6 Nf6 42. g5 Ng4+ 43. Ke2 Nh2 44. Rb5
Kc6 45. Rxa5 Ng4 46. Rc5+ Kd6 47. a5 g6 48. a6 Nh2 49. a7 Ng4 50. a8=Q Nh2
51. Qxd5+ Ke7 52. Rc7+ Ke8 53. Qf7+ Kd8 54. Qe7# { Black checkmated } 1-0

[Event "ICC tourney 2556 (25 5)"]
[Site "Internet Chess Club"]
[Date "2021.05.08"]
[Round "1"]
[White "GALLEGE, REHAN:K05-16946930"]
[Black "JANI, SONAM:K05-16948743"]
[Result "1-0"]
[ICCResult "Black checkmated"]
[WhiteElo "1111"]
[BlackElo "399"]
[Opening "Two knights defense"]
[ECO "C59"]
[NIC "KP.01"]
[Time "11:30:32"]
[PlyCount "89"]
[TimeControl "1500+5"]

1. e4 e5 2. Nf3 Nc6 3. Bc4 Nf6 4. Ng5 d5 5. exd5 Na5 6. Bb5+ c6 7. dxc6
bxc6 8. Be2 Bc5 9. O-O Qe7 10. a3 Bf5 11. b4 Bb6 12. bxa5 Bxa5 13. Bf3 Bd7
14. Nc3 O-O 15. Nge4 Nxe4 16. Nxe4 Bc7 17. d3 Bb6 18. a4 Bd8 19. Ba3 Qe8
20. Bxf8 Qxf8 21. d4 exd4 22. Qxd4 Bf5 23. Rfe1 Qe7 24. Nf6+ gxf6 25. Rxe7
Bxe7 26. Bxc6 Rc8 27. Be4 Bg6 28. Bxg6 fxg6 29. Qe4 Bc5 30. Qe6+ Kg7 31.
Qxc8 Bd6 32. Qd7+ Kh6 33. Qxd6 a5 34. Qxf6 Kh5 35. Qe5+ Kh6 36. Qxa5 Kg7
37. Qa6 Kh6 38. Rb1 Kh5 39. Rb5+ Kh6 40. Qc6 Kg7 41. Rb7+ Kh6 42. Qf3 Kg5
43. h4+ Kh6 44. Qf4+ g5 45. Qxg5# { Black checkmated } 1-0

[Event "ICC tourney 2556 (25 5)"]
[Site "Internet Chess Club"]
[Date "2021.05.08"]
[Round "1"]
[White "GANESH IYER, ARJUN:K05-17350382"]
[Black "RAMAN, ARJUN:K05-16786670"]
[Result "0-1"]
[ICCResult "White checkmated"]
[WhiteElo "580"]
[BlackElo "1310"]
[Opening "Queen's gambit declined"]
[ECO "D30"]
[NIC "QP.08"]
[Time "11:32:13"]
[PlyCount "54"]
[TimeControl "1500+5"]

1. d4 d5 2. c4 e6 3. e3 Nf6 4. Nf3 Be7 5. Bd3 O-O 6. O-O b6 7. Nc3 Bb7 8.
cxd5 Nxd5 9. Bd2 Nd7 10. e4 Nxc3 11. bxc3 Nf6 12. e5 Nd5 13. c4 Nb4 14. a3
Nxd3 15. Qc2 Be4 16. Rae1 Bg6 17. Rb1 Nxe5 18. Qc3 Nxf3+ 19. Qxf3 Bxb1 20.
Rxb1 Qxd4 21. Rd1 Qf6 22. Qg3 Bd6 23. Qh3 Bc5 24. Rf1 Rad8 25. Rd1 Qxf2+
26. Kh1 Rxd2 27. Rxd2 Qg1# { White checkmated } 0-1

[Event "ICC tourney 2556 (25 5)"]
[Site "Internet Chess Club"]
[Date "2021.05.08"]
[Round "1"]
[White "SRINIVASAN, AATHYANDH:K05-16827837"]
[Black "DHURJATI, ANAGHA:K05-17003536"]
[Result "0-1"]
[ICCResult "White resigns"]
[WhiteElo "543"]
[BlackElo "1269"]
[Opening "Four knights: Spanish, classical defense"]
[ECO "C48"]
[NIC "KP.03"]
[Time "11:32:13"]
[PlyCount "27"]
[TimeControl "1500+5"]

1. e4 e5 2. Nf3 Nc6 3. Nc3 Nf6 4. Bb5 Bc5 5. O-O O-O 6. d3 d6 7. Nd5 h6 8.
Nxf6+ Qxf6 9. Re1 Bg4 10. Rf1 Nd4 11. Be3 Nxf3+ 12. gxf3 Bxf3 13. Qd2 Qg6+
14. Bg5 { White resigns } 0-1

[Event "ICC tourney 2556 (25 5)"]
[Site "Internet Chess Club"]
[Date "2021.05.08"]
[Round "1"]
[White "KARPENKO, OSKAR:K05-16342416"]
[Black "ARUTLA, ADITYA:K05-16207801"]
[Result "0-1"]
[ICCResult "White checkmated"]
[WhiteElo "811"]
[BlackElo "1676"]
[Opening "Sicilian: dragon, 6.Be3"]
[ECO "B72"]
[NIC "SI.16"]
[Time "11:30:41"]
[PlyCount "48"]
[TimeControl "1500+5"]

1. e4 c5 2. Nf3 d6 3. d4 cxd4 4. Nxd4 Nf6 5. Nc3 g6 6. Be3 Bg7 7. Bc4 O-O
8. O-O Nc6 9. Nxc6 bxc6 10. Qd2 Ng4 11. Bf4 Ne5 12. Bb3 Be6 13. Bxe6 fxe6
14. Bh6 Nc4 15. Qc1 Bxh6 16. Qxh6 Nxb2 17. Rab1 Qa5 18. Rxb2 Qxc3 19. Rfb1
a5 20. Qc1 a4 21. Rb7 Qd4 22. Qg5 Qxf2+ 23. Kh1 Qf1+ 24. Rxf1 Rxf1# { White
checkmated } 0-1

[Event "ICC tourney 2556 (25 5)"]
[Site "Internet Chess Club"]
[Date "2021.05.08"]
[Round "1"]
[White "YOU, ANDREW:K05-17094697"]
[Black "PIERRE LOUIS, ELANA:K05-17258051"]
[Result "1-0"]
[ICCResult "Black checkmated"]
[WhiteElo "1090"]
[BlackElo "341"]
[Opening "Queen's pawn: Charlick (Englund) gambit"]
[ECO "A40"]
[NIC "QO.17"]
[Time "11:30:38"]
[PlyCount "53"]
[TimeControl "1500+5"]

1. d4 e5 2. Nc3 Be7 3. Nf3 Bf8 4. g3 d6 5. dxe5 f6 6. exf6 Qxf6 7. Bg2 Nc6
8. O-O d5 9. Nxd5 Qd6 10. Bf4 Qd8 11. Nxc7+ Kf7 12. Ng5+ Ke7 13. Qxd8+ Nxd8
14. Nxa8 Bg4 15. f3 Bf5 16. Nc7 Nc6 17. e4 Bd7 18. Rfd1 Nb8 19. Rd2 Kf6 20.
e5+ Kg6 21. e6 Bc5+ 22. Kh1 Ba4 23. Nf7 Nf6 24. Nxh8+ Kf5 25. Bh3+ Ng4 26.
Bxg4+ Kf6 27. Nd5# { Black checkmated } 1-0

[Event "ICC tourney 2556 (25 5)"]
[Site "Internet Chess Club"]
[Date "2021.05.08"]
[Round "1"]
[White "KONDABATHINI, NAMISH:K05-16992657"]
[Black "WILLIAMS, DIMITRI:K03-17266018"]
[Result "1-0"]
[ICCResult "Black checkmated"]
[WhiteElo "1076"]
[BlackElo "273"]
[Opening "QGA: 3.e4"]
[ECO "D20"]
[NIC "QG.04"]
[Time "11:32:32"]
[PlyCount "75"]
[TimeControl "1500+5"]

1. d4 d5 2. c4 dxc4 3. e4 e5 4. dxe5 Bb4+ 5. Bd2 Bg4 6. Qxg4 Bxd2+ 7. Nxd2
f6 8. Qxg7 c3 9. bxc3 Ne7 10. Qxh8+ Ng8 11. Qxg8+ Ke7 12. exf6+ Kd7 13.
Qxd8+ Kxd8 14. Rd1 Nc6 15. Nc4+ Ke8 16. Nf3 a5 17. f7+ Kxf7 18. Nfe5+ Kf6
19. Nxc6 bxc6 20. e5+ Kf5 21. Bd3+ Ke6 22. f4 Kd5 23. Ne3+ Kc5 24. Be4 Kb5
25. f5 Re8 26. e6 c5 27. Nd5 c6 28. Nc7+ Kb6 29. Nxe8 c4 30. Rd6 Kc5 31.
Rxc6+ Kb5 32. Rb6+ Kxb6 33. f6 Kb5 34. f7 Ka4 35. f8=Q Kb5 36. Qd6 h6 37.
Nc7+ Ka4 38. Bc6# { Black checkmated } 1-0

[Event "ICC tourney 2556 (25 5)"]
[Site "Internet Chess Club"]
[Date "2021.05.08"]
[Round "1"]
[White "LEUNG, DOMINIC:K05-17346830"]
[Black "ZIANG FENG, STEVEN:K05-16388220"]
[Result "0-1"]
[ICCResult "White checkmated"]
[WhiteElo "648"]
[BlackElo "1428"]
[Opening "Sicilian defense"]
[ECO "B20"]
[NIC "SI.48"]
[Time "11:32:03"]
[PlyCount "94"]
[TimeControl "1500+5"]

1. e4 c5 2. Bc4 Nc6 3. Nf3 e6 4. Nc3 Nge7 5. d3 d5 6. exd5 exd5 7. Bb5 a6
8. Ba4 b5 9. Bb3 c4 10. dxc4 dxc4 11. Bxc4 Qxd1+ 12. Kxd1 bxc4 13. Ke2 Bg4
14. h3 Nd4+ 15. Ke3 Nxc2+ 16. Ke2 Bxf3+ 17. gxf3 Nxa1 18. Kd2 Rd8+ 19. Ke2
Nf5 20. Rd1 Nd4+ 21. Kf1 Nxf3 22. Rxd8+ Kxd8 23. Bf4 Bb4 24. Ke2 Nd4+ 25.
Kd2 Bxc3+ 26. bxc3 Nf3+ 27. Ke2 Ng1+ 28. Kf1 Nxh3 29. Be3 Re8 30. Ke2 Nf4+
31. Kd2 Nd3 32. Bb6+ Kd7 33. Be3 h5 34. Bg5 f6 35. Bh4 g5 36. Bg3 h4 37.
Bh2 Nxf2 38. Kc1 Ng4 39. Bg1 Re1+ 40. Kb2 Rxg1 41. Ka3 h3 42. Kb4 h2 43.
Kxc4 h1=Q 44. Kb4 Qb7+ 45. Kc4 Ne5+ 46. Kd4 Rd1+ 47. Ke3 Qf3# { White
checkmated } 0-1

[Event "ICC tourney 2556 (25 5)"]
[Site "Internet Chess Club"]
[Date "2021.05.08"]
[Round "1"]
[White "AGNIHOTRI, AADI:K05-16443397"]
[Black "ARJI, SAMARTH:K05-16959461"]
[Result "1-0"]
[ICCResult "Black checkmated"]
[WhiteElo "1183"]
[BlackElo "457"]
[Opening "Scotch opening"]
[ECO "C44"]
[NIC "KP.10"]
[Time "11:32:30"]
[PlyCount "107"]
[TimeControl "1500+5"]

1. e4 e5 2. Nf3 Nc6 3. d4 Nf6 4. dxe5 Nxe4 5. Bd3 d5 6. Bxe4 dxe4 7. Qxd8+
Kxd8 8. Ng5 Nxe5 9. Nxe4 Bf5 10. Nbd2 Bxe4 11. Nxe4 Bb4+ 12. c3 Ba5 13. O-O
Nd3 14. Rd1 Ke8 15. Rxd3 Rd8 16. Rxd8+ Kxd8 17. Bg5+ f6 18. Rd1+ Ke7 19.
Bf4 Rd8 20. Rxd8 Kxd8 21. Nc5 Kc8 22. Ne6 c6 23. Nxg7 Bb6 24. Be3 Bxe3 25.
fxe3 h6 26. Nf5 h5 27. Kf2 Kd7 28. Kf3 Ke6 29. Ng7+ Kf7 30. Nxh5 Kg6 31.
Nf4+ Kf5 32. g4+ Kg5 33. Kg3 b5 34. Ne6+ Kg6 35. h4 a5 36. a3 f5 37. gxf5+
Kxf5 38. Nd4+ Kg6 39. Nxc6 Kf6 40. Kg4 b4 41. Nxa5 bxa3 42. bxa3 Ke6 43. h5
Kf6 44. c4 Ke6 45. c5 Kd5 46. c6 Kd6 47. h6 Ke6 48. h7 Ke7 49. h8=Q Kf7 50.
c7 Ke7 51. c8=Q Kf7 52. Qd7+ Kg6 53. Qh5+ Kf6 54. Qhf5# { Black checkmated
} 1-0

[Event "ICC tourney 2556 (25 5)"]
[Site "Internet Chess Club"]
[Date "2021.05.08"]
[Round "1"]
[White "LI, AIDAN:K05-16624042"]
[Black "SATHISH, PRANAV:K05-16464655"]
[Result "0-1"]
[ICCResult "White checkmated"]
[WhiteElo "824"]
[BlackElo "1768"]
[Opening "Sicilian defense"]
[ECO "B20"]
[NIC "SI.48"]
[Time "11:32:11"]
[PlyCount "106"]
[TimeControl "1500+5"]

1. e4 c5 2. a3 g6 3. b4 Bg7 4. Nc3 cxb4 5. axb4 d6 6. Bb2 Nf6 7. d4 Qb6 8.
Ba3 O-O 9. Bc4 e5 10. d5 Ng4 11. Nh3 Qd4 12. Qxd4 exd4 13. Nb5 Na6 14. Nxd6
Ne5 15. Bb3 Bxh3 16. gxh3 d3 17. O-O Nf3+ 18. Kg2 Bxa1 19. Rxa1 Ne5 20.
cxd3 Nxd3 21. b5 Nac5 22. Nxb7 Nxb3 23. Bxf8 Nxa1 24. Ba3 Rb8 25. Na5 Rxb5
26. d6 Rxa5 27. d7 Nf4+ 28. Kf3 Ne6 29. Be7 Nc2 30. d8=Q+ Nxd8 31. Bxd8
Ra3+ 32. Kf4 Rxh3 33. Bf6 Rxh2 34. Kg3 Rh1 35. Be7 a5 36. f4 a4 37. Kg4 a3
38. Bxa3 Nxa3 39. f5 gxf5+ 40. exf5 Kg7 41. Kg5 h6+ 42. Kf4 Kf6 43. Ke4 Rd1
44. Kf4 Rd4+ 45. Ke3 Nc2+ 46. Ke2 Kxf5 47. Kf2 Rd3 48. Ke2 Ke4 49. Kf2 Nd4
50. Ke1 Ke3 51. Kf1 Rd2 52. Ke1 Nf3+ 53. Kf1 Rf2# { White checkmated } 0-1

[Event "ICC tourney 2556 (25 5)"]
[Site "Internet Chess Club"]
[Date "2021.05.08"]
[Round "1"]
[White "XAVIER KIM, EVEREST:K05-17350711"]
[Black "SUAREZ, SEBASTIAN:K05-16875347"]
[Result "0-1"]
[ICCResult "White checkmated"]
[WhiteElo "643"]
[BlackElo "1414"]
[Opening "French: advance variation"]
[ECO "C02"]
[NIC "FR.03"]
[Time "11:30:47"]
[PlyCount "56"]
[TimeControl "1500+5"]

1. e4 d5 2. e5 e6 3. d4 c5 4. Bb5+ Bd7 5. Bxd7+ Nxd7 6. c3 Qb6 7. Nf3 Ne7
8. O-O Ng6 9. Be3 Qxb2 10. Nbd2 b6 11. dxc5 Bxc5 12. Bxc5 Nxc5 13. c4 O-O
14. cxd5 exd5 15. Nb3 Nxb3 16. axb3 Nxe5 17. Rb1 Nxf3+ 18. Qxf3 Qe5 19.
Rfe1 Qd6 20. Red1 Rad8 21. Ra1 Rd7 22. Rd4 Re8 23. Rad1 Qe6 24. Kf1 Rde7
25. Qc3 Qe2+ 26. Kg1 Qe1+ 27. Qxe1 Rxe1+ 28. Rxe1 Rxe1# { White checkmated
} 0-1

[Event "ICC tourney 2556 (25 5)"]
[Site "Internet Chess Club"]
[Date "2021.05.08"]
[Round "1"]
[White "WEST, VIVIAN:K05-30142565"]
[Black "DEVARAJ, SHREYA:K05-16369648"]
[Result "0-1"]
[ICCResult "White checkmated"]
[WhiteElo "101"]
[BlackElo "1024"]
[Opening "Giuoco Pianissimo: Italian four knights variation"]
[ECO "C23"]
[NIC "IG.04"]
[Time "11:32:02"]
[PlyCount "86"]
[TimeControl "1500+5"]

1. e4 e5 2. Bc4 Bc5 3. Nc3 Nc6 4. Nf3 Nf6 5. d3 O-O 6. Bg5 Be7 7. Qe2 d6 8.
h3 Bd7 9. O-O-O Nd4 10. Nxd4 exd4 11. Nd5 Nxd5 12. exd5 Bxg5+ 13. f4 Bxf4+
14. Kb1 Qf6 15. g3 Bxg3 16. Qg2 Qg6 17. a3 Be5 18. Rhg1 Qxg2 19. Rxg2 Bxh3
20. Rg5 Bf6 21. Rh5 Bg4 22. Rhh1 Bxd1 23. Rxd1 Rfe8 24. Bb5 Re5 25. Rg1 a6
26. Bd7 Rd8 27. Bh3 Rg5 28. Rh1 b6 29. c4 b5 30. cxb5 axb5 31. b4 Rxd5 32.
a4 bxa4 33. Kb2 Rb5 34. Ka3 Rdb8 35. Kxa4 Rxb4+ 36. Ka5 Rb3 37. Ra1 Rxd3
38. Bd7 Ra8+ 39. Kb5 Rxa1 40. Kc6 Rc1+ 41. Kb7 Rb3+ 42. Ka7 Ra1+ 43. Ba4
Rxa4# { White checkmated } 0-1

[Event "ICC tourney 2556 (25 5)"]
[Site "Internet Chess Club"]
[Date "2021.05.08"]
[Round "1"]
[White "CHANG LIU, ERIC:K05-16650666"]
[Black "SHARMA, SUNEET:K05-16802074"]
[Result "1-0"]
[ICCResult "Black checkmated"]
[WhiteElo "2046"]
[BlackElo "847"]
[Opening "King's pawn game"]
[ECO "C50"]
[NIC "IG.03"]
[Time "11:32:42"]
[PlyCount "67"]
[TimeControl "1500+5"]

1. e4 e5 2. Nf3 Nc6 3. Bc4 Nd4 4. Nxd4 exd4 5. d3 Nf6 6. e5 Ng8 7. O-O Bc5
8. Qf3 Qe7 9. Qg3 g6 10. Bg5 Qf8 11. f4 d6 12. exd6 Qxd6 13. Re1+ Kd7 14.
Bxf7 Nf6 15. Be6+ Kc6 16. Qf3+ Kb6 17. Bxf6 Re8 18. Be5 Qxe6 19. Bxc7+ Kxc7
20. Rxe6 Rxe6 21. Nd2 Bd7 22. Ne4 Bc6 23. Qh3 Rae8 24. Nxc5 Re1+ 25. Rxe1
Rxe1+ 26. Kf2 Re7 27. Ne6+ Kd6 28. Nxd4 Bd5 29. c4 Bc6 30. Nxc6 Kxc6 31.
Qc8+ Rc7 32. Qe6+ Kc5 33. Qd5+ Kb6 34. Qb5# { Black checkmated } 1-0

[Event "ICC tourney 2556 (25 5)"]
[Site "Internet Chess Club"]
[Date "2021.05.08"]
[Round "1"]
[White "SOMARAM, AKANKSHA:K05-17045572"]
[Black "ZHANG, SARAH:K05-16865540"]
[Result "1-0"]
[ICCResult "Black resigns"]
[WhiteElo "333"]
[BlackElo "1087"]
[Opening "Three knights game"]
[ECO "C46"]
[NIC "KP.06"]
[Time "11:32:29"]
[PlyCount "91"]
[TimeControl "1500+5"]

1. e4 e5 2. Nf3 Nc6 3. Nc3 Bc5 4. h3 Nf6 5. Bc4 d6 6. O-O O-O 7. d3 h6 8.
Bd2 Be6 9. Bxe6 fxe6 10. Qe2 Re8 11. Rad1 d5 12. exd5 exd5 13. Be3 d4 14.
Ne4 dxe3 15. Nxc5 exf2+ 16. Qxf2 b6 17. Ne4 Qe7 18. Nxf6+ Qxf6 19. Rfe1 Nd4
20. Nxd4 exd4 21. Qg3 c5 22. c3 dxc3 23. bxc3 Kh8 24. Rc1 Rad8 25. d4 cxd4
26. cxd4 Qxd4+ 27. Kh1 Qb4 28. Ra1 Rxe1+ 29. Rxe1 Qd6 30. Qg4 Qd2 31. Re7
Qd1+ 32. Qxd1 Rxd1+ 33. Kh2 a5 34. Rb7 Rd2 35. Rxb6 Rxa2 36. Ra6 Kg8 37. h4
Kf7 38. Kh3 Ke7 39. Ra7+ Kf6 40. Ra6+ Ke5 41. Kg4 Rxg2+ 42. Kh5 Kf4 43.
Rxa5 Ke4 44. Ra4+ Kd3 45. Ra3+ Kc2 46. Ra2+ { Black resigns } 1-0

[Event "ICC tourney 2556 (25 5)"]
[Site "Internet Chess Club"]
[Date "2021.05.08"]
[Round "1"]
[White "CARDOSO, KARELY:K05-16268846"]
[Black "CHEN, LAFAYETTE:K05-16910808"]
[Result "0-1"]
[ICCResult "White checkmated"]
[WhiteElo "713"]
[BlackElo "1483"]
[Opening "Sicilian: accelerated fianchetto, modern variation"]
[ECO "B34"]
[NIC "SI.33"]
[Time "11:31:53"]
[PlyCount "74"]
[TimeControl "1500+5"]

1. e4 c5 2. Nf3 Nc6 3. d4 cxd4 4. Nxd4 g6 5. Nc3 d6 6. Bb5 Bd7 7. O-O Bg7
8. Be3 Nf6 9. Bxc6 bxc6 10. Re1 O-O 11. Qd2 Ng4 12. Nd1 Nxe3 13. Nxe3 c5
14. Nb3 Bxb2 15. Rab1 Bg7 16. c3 a5 17. Na1 Be6 18. c4 a4 19. a3 Rb8 20.
Rbc1 Bb2 21. Rb1 Bxa3 22. Rxb8 Qxb8 23. Nec2 Bb4 24. Nxb4 Qxb4 25. Qd1 Bxc4
26. h3 Rb8 27. Kh2 Bb3 28. Nxb3 axb3 29. Qb1 Qxe1 30. Qxe1 b2 31. Qb1 c4
32. Kg1 c3 33. Qc2 b1=Q+ 34. Qxb1 Rxb1+ 35. Kh2 c2 36. f3 c1=R 37. g3 Rc2#
{ White checkmated } 0-1

[Event "ICC tourney 2556 (25 5)"]
[Site "Internet Chess Club"]
[Date "2021.05.08"]
[Round "1"]
[White "B KASHYAP, MAHATI:K05-16792961"]
[Black "WILLIAMS, VICTORIA:K05-16958116"]
[Result "1-0"]
[ICCResult "Black checkmated"]
[WhiteElo "1033"]
[BlackElo "118"]
[Opening "King's pawn opening"]
[ECO "B07"]
[NIC "VO.17"]
[Time "11:32:30"]
[PlyCount "49"]
[TimeControl "1500+5"]

1. e4 d6 2. d4 e5 3. dxe5 dxe5 4. Qxd8+ Kxd8 5. Bc4 Be6 6. Bxe6 fxe6 7. Nf3
Bd6 8. Nc3 c6 9. Be3 b6 10. O-O-O c5 11. Rxd6+ Kc7 12. Nb5+ Kb7 13. Rxe6
Nd7 14. Nd6+ Kc6 15. Nf7+ Kb5 16. Nxh8 g6 17. Nf7 h5 18. Rd1 g5 19. Rxd7
Ka6 20. N3xg5 Rc8 21. Nxe5 Ra8 22. Bxc5 Ka5 23. Be3 Rc8 24. Rxa7+ Kb5 25.
Rxb6# { Black checkmated } 1-0

[Event "ICC tourney 2556 (25 5)"]
[Site "Internet Chess Club"]
[Date "2021.05.08"]
[Round "1"]
[White "REN, JOCELYN:K05-16899282"]
[Black "T LI, JUSTIN:K05-16435402"]
[Result "1-0"]
[ICCResult "Black resigns"]
[WhiteElo "1234"]
[BlackElo "511"]
[Opening "Ruy Lopez (Spanish opening)"]
[ECO "C60"]
[NIC "RL.01"]
[Time "11:30:40"]
[PlyCount "47"]
[TimeControl "1500+5"]

1. e4 e5 2. Nf3 Nc6 3. Bb5 Bd6 4. O-O Nf6 5. Re1 a6 6. Bxc6 dxc6 7. d4 exd4
8. Nxd4 c5 9. e5 cxd4 10. exf6+ Be6 11. fxg7 Rg8 12. f4 Rxg7 13. f5 Qh4 14.
Rxe6+ fxe6 15. Qe2 Qxh2+ 16. Kf1 Qf4+ 17. Bxf4 Bxf4 18. Qxe6+ Re7 19. Qg8+
Kd7 20. Qxa8 Kc6 21. Qg8 Kd7 22. Qd5+ Ke8 23. Qxd4 Bg3 24. Nc3 { Black
resigns } 1-0

[Event "ICC tourney 2556 (25 5)"]
[Site "Internet Chess Club"]
[Date "2021.05.08"]
[Round "1"]
[White "SCOLLON, OWEN:K05-17108421"]
[Black "SKANDA, SAURAV:K05-30130797"]
[Result "1-0"]
[ICCResult "Black checkmated"]
[WhiteElo "1513"]
[BlackElo "731"]
[Opening "Sicilian: dragon, Levenfish variation"]
[ECO "B71"]
[NIC "SI.15"]
[Time "11:30:47"]
[PlyCount "91"]
[TimeControl "1500+5"]

1. e4 c5 2. Nf3 d6 3. d4 cxd4 4. Nxd4 Nf6 5. Nc3 g6 6. f4 Bg7 7. e5 dxe5 8.
fxe5 Nfd7 9. e6 Bxd4 10. Qxd4 Nf6 11. Bb5+ Nc6 12. Qxd8+ Kxd8 13. exf7 Rf8
14. Bh6 Rxf7 15. O-O-O+ Nd7 16. Nd5 a6 17. Bxc6 bxc6 18. Nf4 Rf6 19. Bg5
Rf5 20. Ne6+ Ke8 21. Nc7+ Kd8 22. Nxa8 Rxg5 23. Rhf1 Rf5 24. Rxf5 gxf5 25.
Nb6 Kc7 26. Nxc8 Kxc8 27. Rf1 e6 28. Re1 Nc5 29. Re5 Nd7 30. Rxe6 Kc7 31.
Re7 Kd6 32. Rxh7 c5 33. Rh6+ Kd5 34. Rxa6 Ne5 35. h4 Ke4 36. h5 f4 37. h6
Ke3 38. h7 Kf2 39. h8=Q Kxg2 40. Qxe5 f3 41. Qf5 c4 42. Rg6+ Kf2 43. Rf6
Kg1 44. Qxf3 c3 45. Rg6+ Kh2 46. Qg2# { Black checkmated } 1-0

[Event "ICC tourney 2556 (25 5)"]
[Site "Internet Chess Club"]
[Date "2021.05.08"]
[Round "1"]
[White "OSTROHA, LUKE:K05-17205393"]
[Black "SAMPATHKUMAR, GURU:K05-16282718"]
[Result "0-1"]
[ICCResult "White resigns"]
[WhiteElo "420"]
[BlackElo "1141"]
[Opening "Van't Kruijs opening"]
[ECO "A00"]
[Time "11:38:45"]
[PlyCount "29"]
[TimeControl "1500+5"]

1. e3 Nf6 2. d4 g6 3. Bc4 Bg7 4. Bd2 O-O 5. Bb4 d5 6. Bb3 Bf5 7. Nc3 Re8 8.
Nge2 e6 9. O-O Nbd7 10. Re1 c6 11. Ba3 Nb6 12. Bc5 Nbd7 13. Ba3 b6 14. Na4
a5 15. Qd2 { White resigns } 0-1

[Event "ICC tourney 2556 (25 5)"]
[Site "Internet Chess Club"]
[Date "2021.05.08"]
[Round "1"]
[White "CHIU DOAN, EMILYN:K05-15928816"]
[Black "THIRUGNANA, KAVIN:K05-30020780"]
[Result "1-0"]
[ICCResult "Black checkmated"]
[WhiteElo "1078"]
[BlackElo "308"]
[Opening "Giuoco Piano"]
[ECO "C50"]
[NIC "IG.02"]
[Time "11:32:33"]
[PlyCount "89"]
[TimeControl "1500+5"]

1. e4 e5 2. Nf3 Nc6 3. Bc4 Bc5 4. O-O Nf6 5. d3 h6 6. c3 O-O 7. d4 exd4 8.
cxd4 Bb4 9. e5 Ne4 10. Nbd2 Nxd2 11. Bxd2 Bxd2 12. Qxd2 d6 13. Rad1 dxe5
14. Nxe5 Nxe5 15. dxe5 Qxd2 16. Rxd2 Re8 17. f4 Bg4 18. h3 Bf5 19. g4 Be4
20. Re1 Bf3 21. Kf2 Rad8 22. Rxd8 Rxd8 23. Kxf3 Rd4 24. Re4 Rd1 25. f5 Rf1+
26. Kg2 Rb1 27. b3 Rb2+ 28. Re2 Rxe2+ 29. Bxe2 c5 30. e6 fxe6 31. fxe6 Kf8
32. Kf3 Ke7 33. Bc4 a6 34. Ke4 b5 35. Bd5 b4 36. Bc4 a5 37. Kf5 a4 38. bxa4
Kd6 39. a5 Ke7 40. a6 Kd6 41. a7 Kc7 42. a8=Q Kd6 43. Qd5+ Ke7 44. Qd7+ Kf8
45. Qf7# { Black checkmated } 1-0